 Dungeon Crawl Stone Soup version 0.23.0 (webtiles) character file.

Game seed: 15513494773509634049

17802 LostNumber the Grappler (level 12, -1/126 HPs)
             Began as a Grey Draconian Transmuter on Feb 11, 2019.
             Was a High Priest of Okawaru.
             Slain by a black mamba (14 damage)
             ... on level 3 of the Lair of Beasts.
             The game lasted 00:29:24 (17120 turns).

LostNumber the Grappler (DrTm)                     Turns: 17120, Time: 00:29:24

Health: -1/126     AC:  6    Str: 14    XL:     12   Next: 22%
Magic:  0/29       EV: 11    Int: 18    God:    Okawaru [*****.]
Gold:   620        SH:  0    Dex: 11    Spells: 7/22 levels left

rFire    x . .     SeeInvis .     - Unarmed
rCold    + + +     Gourm    .   (shield currently unavailable)
rNeg     . . .     Faith    .   (armour unavailable)
rPois    +         Spirit   +   (helmet currently unavailable)
rElec    .         Reflect  .   (cloak currently unavailable)
rCorr    .         Harm     .   (gloves currently unavailable)
MR       .....                  (boots currently unavailable)
Stlth    +.........             K - amulet of guardian spirit
HPRegen  0.31/turn              f - ring of wizardry
MPRegen  0.21/turn              z - ring of magical power

@: lethally poisoned (-1 -> -26), ice-form
A: large, (walk through water), unfitting armour, AC +13
a: End Transformation, Heroism, Finesse, Renounce Religion


You were on level 3 of the Lair of Beasts.
You worshipped Okawaru.
Okawaru was extremely pleased with you.
You were hungry.
You were a creature of crystalline ice.
You visited 2 branches of the dungeon, and saw 13 of its levels.
You also visited: Sewer.

You collected 620 gold pieces.

Inventory:

Hand Weapons
 B - the +5 dagger of Orexzi {flame, rC+, unknown}
   (You found it on level 8 of the Dungeon)

   It has been specially enchanted to burn those struck by it, causing extra
   injury to most foes and up to half again as much damage against particularly
   susceptible opponents.
   It protects you from cold.
Missiles
 a - 148 arrows
 y - a throwing net (quivered) {!f}
Armour
 i - a +2 cloak of invisibility (melded)
   (You took it off Crazy Yiuf on level 2 of the Dungeon)
 r - a +2 hat (melded)
   (You found it on level 5 of the Dungeon)
 s - a +1 buckler (melded)
   (You found it on level 4 of the Dungeon)
 J - a +1 pair of gloves of dexterity (melded)
   (Okawaru gifted it to you on level 1 of the Lair of Beasts)
Jewellery
 f - a ring of wizardry (left front paw)
   (You found it on level 2 of the Dungeon)
 z - a ring of magical power (right front paw)
   (You found it on level 6 of the Dungeon)
 K - an amulet of guardian spirit (around neck)
   (You found it on level 2 of the Lair of Beasts)
Wands
 u - a wand of paralysis (14)
   (You took it off Ijyb on level 3 of the Dungeon)
 v - a wand of digging (6)
   (You found it on level 5 of the Dungeon)
 x - a wand of acid (5)
   (You found it on level 8 of the Dungeon)
Scrolls
 g - a scroll of immolation {unknown}
 h - 5 scrolls of enchant weapon
 o - 3 scrolls of remove curse {@r2}
 p - 2 scrolls of enchant armour
 q - 3 scrolls of teleportation {@r4}
 E - a scroll of magic mapping
 F - a scroll of vulnerability {!r}
 G - a scroll of identify {@r1}
 H - a scroll of summoning {unknown}
Potions
 b - 2 potions of berserk rage
 c - 4 potions of curing {@q1}
 d - a potion of lignification {unknown}
 j - a potion of mutation {unknown}
 k - 6 potions of flight
 l - 3 potions of heal wounds {@q2}
 m - 4 potions of invisibility
 n - a potion of agility
 t - 3 potions of haste {@q3}
 w - a potion of ambrosia {unknown}
 A - 3 potions of might {unknown}
 C - 3 potions of brilliance
 D - a potion of cancellation {unknown}
 I - a potion of resistance {unknown}
Comestibles
 e - 16 rations {!d}


   Skills:
 + Level 9.5 Fighting
 + Level 3.4 Dodging
 - Level 4.1 Shields
 * Level 12.4 Unarmed Combat
 + Level 5.5 Spellcasting
 - Level 8.0 Transmutations
 - Level 2.2 Ice Magic
 + Level 3.3 Invocations
 - Level 7.0 Evocations


You had 7 spell levels left.
You knew the following spells:

 Your Spells              Type           Power        Failure   Level  Hunger
a - Beastly Appendage     Tmut           ####..       1%          1    None
b - Blade Hands           Tmut           ####......   5%          5    ######.
c - Ice Form              Ice/Tmut       ###.....     6%          4    ####...
s - Sticks to Snakes      Tmut           ####....     1%          2    #......
x - Spider Form           Tmut/Pois      ###.......   3%          3    ##.....

Your spell library contained the following spells:

 Spells                   Type           Power        Failure   Level  Hunger
 Magic Dart               Conj           #...         5%          1    None
 Searing Ray              Conj           #.....       8%          2    #......
 Dazzling Spray           Conj/Hex       #.....       16%         3    ##.....
 Force Lance              Conj/Tloc      #.......     43%         4    ####...
 Fulminant Prism          Conj/Hex       #.........   43%         4    ####...
 Iskenderun's Mystic Bla  Conj           #.......     43%         4    ####...


Dungeon Overview and Level Annotations

Branches:
Dungeon (10/15)            Temple (0/1) D:4            Lair (3/6) D:10
  Swamp (0/4) Lair:3          Orc (0/2) D:10
  Snake: Lair:2-4    Spider: Lair:2-4

Altars:
Dithmenos
Elyvilon
Hepliaklqana
Makhleb
Nemelex Xobeh
Okawaru
Trog
Uskayaw
Xom
Yredelemnul

Shops:
D:10 (

Annotations:
D:6 Duvessa
D:9 1 runed translucent door, Jannitor's ghost, novice KoCK


Innate Abilities, Weirdness & Mutations

((You can walk through water.))
((Your dull iron-grey scales are very hard. (AC +13)))
You cannot fit into any form of body armour.
((You can survive without breathing.))
((You are cold-blooded and may be slowed by cold attacks.))


Message History

There is an open door here.
You are feeling hungry.
Found a scroll of vulnerability.
F - a scroll of vulnerability {!r}
Found a metal-bound book.
Found 9 gold pieces.
You pick up a book of Conjurations and begin reading...
You add the spells Magic Dart, Searing Ray, Dazzling Spray, Fulminant Prism, Force Lance and Iskenderun's Mystic Blast to your library.
You now have 610 gold pieces (gained 9).
Found 21 stones.
Found 10 gold pieces.
You now have 620 gold pieces (gained 10).
A spiny frog comes into view.
Found 2 potions of flight and a scroll of magic mapping.
A spiny frog is nearby!
A black mamba comes into view.
The black mamba hisses angrily.
You turn into a creature of crystalline ice.
Your +2 cloak of invisibility melds into your body.
Your +2 hat melds into your body.
Your +1 pair of gloves of dexterity melds into your body.
Your +1 buckler melds into your body.
You feel clumsy.
You punch the black mamba! You freeze the black mamba.
The black mamba barely misses you.
You miss the black mamba. The black mamba closely misses you.
The black mamba misses you.
You closely miss the black mamba. The black mamba bites you!
You closely miss the black mamba. The black mamba bites you! x2
You completely miss the black mamba. The spiny frog stings you!
The black mamba bites you!
You are poisoned.
The black mamba poisons you!
You hit the black mamba. You freeze the black mamba.
You feel sick. The black mamba closely misses you. The spiny frog stings you!
* * * LOW HITPOINT WARNING * * *
You punch the black mamba! You freeze the black mamba.
The black mamba bites you but does no damage.
The spiny frog stings you!!
* * * LOW HITPOINT WARNING * * *
The black mamba bites you!
* * * LOW HITPOINT WARNING * * *
You create 2 snakes!
You now have 148 arrows.
You feel sick. The black mamba bites you!
* * * LOW HITPOINT WARNING * * *
You are lethally poisoned!
The black mamba poisons you! The spiny frog stings you!
* * * LOW HITPOINT WARNING * * *
The black mamba bites you!
You die...

≈........?......!...#.
≈...........#.....#...
≈..... ........F......
≈...# ........S......
...## #P............
....# #.P...........#
....# #.............
...P# ##.##..#####..##
...##.###P.#...SY......#
..## ..........F..S.P.##
..≈# #........S.......#
..≈# #.....#.......#P..#
..≈≈# #................#
#..≈# #...............##
..≈≈###..#..##.##....##
#..≈≈ #...............#
#.P≈ ##..#.###.#.....#


You could see a black mamba, a spiny frog and 2 friendly adders.

Vanquished Creatures
  A centaur warrior (D:9)
  A hydra (Lair:1)
  3 two-headed ogres
  Urug (Lair:3)
  A cyclops (D:10)
  2 spiny frogs (Lair:2)
  A rime drake (Lair:2)
  3 komodo dragons
  2 trolls
  A hornet (D:10)
  4 polar bears (Lair:2)
  A hippogriff (Lair:3)
  5 blink frogs (Lair:1)
  A spriggan (D:8)
  12 yaks
  A wyvern (Lair:2)
  A wraith (D:10)
  2 basilisks (Lair:3)
  A steam dragon (D:9)
  Eustachio (D:6)
  A swamp worm (Lair:3)
  5 water moccasins
  4 porcupines (Lair:2)
  3 orc warriors
  4 sky beasts
  2 black bears (Lair:2)
  A phantom (D:10)
  A centaur (D:10)
  13 wolves
  3 ogres
  6 crocodiles
  A big kobold (Sewer)
  12 bullfrogs
  Dowan (D:6)
  3 scorpions
  9 killer bees
  A centaur zombie (D:7)
  4 crimson imps
  A quasit (D:10)
  4 hounds
  11 orc wizards
  7 orc priests
  2 bullfrog skeletons
  Crazy Yiuf (D:2)
  Jessica (D:3)
  Ijyb (D:3)
  2 iguanas
  5 worker ants
  A hound skeleton (D:6)
  A howler monkey zombie (D:9)
  2 worker ant zombies
  Robin (D:2)
  11 adders
  11 gnolls
  A river rat (Sewer)
  An ooze (D:6)
  9 worms
  4 dart slugs
  8 leopard geckos
  28 orcs
  8 bats
  2 giant cockroaches (D:1)
  12 goblins
  6 hobgoblins
  5 jackals
  14 kobolds
  3 quokkas
  3 ball pythons
  A frilled lizard (D:1)
  2 quokka skeletons (D:4)
  20 rats
308 creatures vanquished.

Vanquished Creatures (collateral kills)
  A troll (D:7)
  2 ogres
  A killer bee (D:9)
  A worker ant (D:5)
  A gnoll (D:2)
  An adder (D:2)
  An orc (D:2)
  A rat (D:2)
9 creatures vanquished.

Vanquished Creatures (others)
  3 fungi (Lair:3)
  A plant (Lair:3)
4 creatures vanquished.

Grand Total: 321 creatures vanquished

Notes
Turn   | Place    | Note
-------+----------+-------------------------------------------
     0 | D:1      | LostNumber the Draconian Transmuter began the quest for the
                  | Orb.
     0 | D:1      | Reached XP level 1. HP: 16/16 MP: 3/3
   301 | D:1      | Reached XP level 2. HP: 23/23 MP: 3/5
   319 | D:1      | Learned a level 2 spell: Sticks to Snakes
  1170 | D:2      | Reached XP level 3. HP: 20/29 MP: 4/6
  1404 | D:2      | Reached XP level 4. HP: 12/36 MP: 3/7
  1747 | D:2      | Learned a level 3 spell: Spider Form
  1779 | D:2      | Found a runed translucent door.
  1780 | D:2      | Noticed Crazy Yiuf
  1889 | D:2      | Noticed Robin
  1897 | D:2      | Killed Robin
  1897 | D:2      | Reached skill level 4 in Unarmed Combat
  2166 | D:2      | Reached XP level 5. HP: 41/41 MP: 4/9
  2846 | D:2      | Killed Crazy Yiuf
  3152 | D:3      | Found an iron altar of Okawaru.
  3182 | D:3      | Became a worshipper of Warmaster Okawaru
  3314 | D:3      | Noticed Jessica
  3319 | D:3      | Killed Jessica
  3319 | D:3      | Reached XP level 6. HP: 49/50 MP: 6/10
  3608 | D:3      | Reached skill level 1 in Evocations
  3629 | D:3      | Learned a level 4 spell: Ice Form
  3770 | D:3      | Noticed Ijyb
  3783 | D:3      | Paralysed by Ijyb for 2 turns
  3789 | D:3      | Paralysed by Ijyb for 4 turns
  3794 | D:3      | Killed Ijyb
  4068 | D:4      | Found a glowing drain.
  4077 | D:4      | Reached skill level 5 in Unarmed Combat
  4087 | Sewer    | Entered a sewer
  4346 | Sewer    | Found a glowing silver altar of Zin.
  4532 | D:4      | Your scales start taking on a dull iron-grey colour.
  4532 | D:4      | Reached XP level 7. HP: 49/57 MP: 11/11
  4532 | D:4      | Gained mutation: You can survive without breathing. [Grey
                  | Draconian growth]
  4685 | D:4      | Reached * piety under Okawaru
  4791 | D:4      | Found a staircase to the Ecumenical Temple.
  4795 | D:4      | Reached skill level 1 in Invocations
  5308 | D:5      | Entered Level 5 of the Dungeon
  5394 | D:5      | Reached skill level 1 in Ice Magic
  5538 | D:5      | Found a shadowy altar of Dithmenos.
  5706 | D:5      | Reached skill level 6 in Unarmed Combat
  5706 | D:5      | Reached XP level 8. HP: 61/66 MP: 11/13
  6054 | D:5      | Reached ** piety under Okawaru
  6341 | D:6      | Noticed Eustachio
  6404 | D:6      | Killed Eustachio
  6501 | D:6      | Found a hide-covered altar of Uskayaw.
  6594 | D:6      | Found a white marble altar of Elyvilon.
  6766 | D:6      | Noticed Dowan
  6782 | D:6      | Killed Dowan
  6807 | D:7      | Reached skill level 7 in Unarmed Combat
  6955 | D:7      | Reached skill level 5 in Fighting
  7067 | D:7      | Got a crude short sword
  7132 | D:7      | Identified the cursed +2 short sword of Forgiveness
                  | {distort, MR+ Str+3 Dex+6} (You found it on level 7 of the
                  | Dungeon)
  7265 | D:7      | Noticed a troll
  7287 | D:7      | Killed a troll
  7287 | D:7      | Reached *** piety under Okawaru
  7287 | D:7      | Reached XP level 9. HP: 14/74 MP: 14/15
  7319 | D:6      | Noticed Duvessa
  7730 | D:7      | Found a basalt altar of Yredelemnul.
  7731 | D:7      | Found a shadowy altar of Dithmenos.
  7767 | D:7      | Found a sparkling altar of Nemelex Xobeh.
  7767 | D:7      | Found a hazy altar of Hepliaklqana.
  7804 | D:7      | Found a basalt altar of Yredelemnul.
  8153 | D:8      | Noticed a two-headed ogre
  8156 | D:8      | Noticed a two-headed ogre
  8184 | D:8      | Killed a two-headed ogre
  8184 | D:8      | Reached skill level 8 in Unarmed Combat
  8184 | D:8      | Reached skill level 5 in Transmutations
  8305 | D:7      | Learned a level 5 spell: Blade Hands
  8811 | D:8      | Found a burning altar of Makhleb.
  9140 | D:8      | Reached skill level 5 in Evocations
  9204 | D:8      | Killed a two-headed ogre
  9204 | D:8      | Reached **** piety under Okawaru
  9204 | D:8      | Received a gift from Okawaru
  9204 | D:8      | Reached skill level 9 in Unarmed Combat
  9304 | D:8      | Noticed a moth of wrath
  9306 | D:8      | Found a bloodstained altar of Trog.
  9347 | D:8      | Got an ichor-stained dagger
  9415 | D:8      | Reached XP level 10. HP: 56/84 MP: 16/16
  9532 | D:9      | Noticed a centaur warrior
  9543 | D:9      | Killed a centaur warrior
  9807 | D:9      | Found a runed translucent door.
  9807 | D:9      | Found a shimmering altar of Xom.
  9807 | D:9      | Noticed a +1 hand axe of chaos
  9807 | D:9      | Noticed Jannitor's ghost (novice KoCK)
 10278 | D:9      | Reached ***** piety under Okawaru
 10364 | D:9      | Reached skill level 10 in Unarmed Combat
 10745 | D:10     | Entered Level 10 of the Dungeon
 10745 | D:10     | Found Beupn's Weapon Emporium.
 10748 | D:10     | Found a staircase to the Orcish Mines.
 10965 | D:10     | Noticed a cyclops
 10984 | D:10     | Killed a cyclops
 11249 | D:10     | Paralysed by a hornet for 3 turns
 11799 | D:10     | Noticed a two-headed ogre
 12247 | D:10     | Reached XP level 11. HP: 91/94 MP: 17/17
 12290 | D:10     | Found a staircase to the Lair.
 12427 | D:10     | Killed a two-headed ogre
 12427 | D:10     | Reached skill level 1 in Shields
 12484 | Lair:1   | Entered Level 1 of the Lair of Beasts
 13019 | Lair:1   | Reached skill level 11 in Unarmed Combat
 13024 | Lair:1   | Received a gift from Okawaru
 14383 | Lair:2   | Noticed a six-headed hydra
 14402 | Lair:1   | Killed a six-headed hydra
 14402 | Lair:1   | Reached skill level 5 in Spellcasting
 15382 | Lair:2   | Reached skill level 12 in Unarmed Combat
 15613 | Lair:2   | Reached XP level 12. HP: 95/104 MP: 19/19
 15614 | Lair:2   | Received a gift from Okawaru
 16186 | Lair:3   | Noticed Urug
 16302 | Lair:3   | Killed Urug
 16502 | Lair:3   | Found a staircase to the Swamp.
 17120 | Lair:3   | Slain by a black mamba

Skill      XL: |  1  2  3  4  5  6  7  8  9 10 11 12 |
---------------+-------------------------------------+-----
Dodging        | 2 3 |  3.4
Fighting       | 2 3 5 6 7 9 |  9.5
Unarmed Combat | 4 5 6 7 9 10 12 | 12.4
Transmutations | 3 4 6 7 8 |  8.0
Spellcasting   | 3 4 5 |  5.5
Evocations     | 1 2 4 5 6 7 |  7.0
Invocations    | 1 2 3 |  3.3
Ice Magic      | 1 2 |  2.2
Shields        | 4 |  4.1

Action                   |  1- 3 |  4- 6 |  7- 9 | 10-12 || total
-------------------------+-------+-------+-------+-------++-------
Melee: Unarmed           |   114 |   264 |   351 |   488 ||  1217
       Kick              |     5 |     5 |    25 |    14 ||    49
       Tailslap          |     6 |    17 |    30 |    29 ||    82
       Headbutt          |     2 |     5 |     3 |    12 ||    22
       Punch             |     1 |     2 |     3 |    10 ||    16
       Short sword       |       |       |     3 |       ||     3
 Cast: Beastly Appendage |    12 |    12 |    20 |    21 ||    65
       Sticks to Snakes  |     2 |     4 |    16 |    33 ||    55
       Spider Form       |       |    11 |    15 |    17 ||    43
       Ice Form          |       |       |       |    12 ||    12
       Blade Hands       |       |       |       |     5 ||     5
Invok: Heroism           |       |       |     3 |    14 ||    17
 Abil: Evoke Invisibilit |       |     1 |       |     2 ||     3
       End Transformatio |       |       |       |     2 ||     2
Evoke: Wand              |       |       |       |     1 ||     1
  Use: Potion            |     1 |       |     2 |       ||     3
       Scroll            |       |     4 |    13 |     2 ||    19
 Stab: Sleeping          |     1 |     2 |     1 |       ||     4
       Invisible         |       |       |       |     2 ||     2
       Distracted        |       |       |       |     1 ||     1
       Paralysed         |       |       |       |     1 ||     1
  Eat: Chunk             |     2 |    12 |    14 |    24 ||    52
       Ration            |       |       |     1 |     2 ||     3
Armor: Skin              |    36 |    61 |   103 |   152 ||   352
Dodge: Dodged            |    82 |   206 |   229 |   338 ||   855
Block: Buckler           |       |       |       |    14 ||    14
